 Dungeon Crawl Stone Soup version 0.23.1 (webtiles) character file.

Game seed: 1473147533862791696

30 Borgoz the Sneak (level 3, -3/27 HPs)
             Began as a Ghoul Enchanter on Mar 13, 2019.
             Slain by a kobold
             ... wielding a +2 hand axe of electrocution
              (4 damage)
             ... on level 2 of the Dungeon.
             The game lasted 00:02:07 (1808 turns).

Borgoz the Sneak (Ghoul Enchanter)                  Turns: 1808, Time: 00:02:08

Health: -3/27      AC:  5    Str: 16      XL:     3   Next: 20%
Magic:  1/4        EV: 11    Int:  9 (10) God:
Gold:   54         SH:  0    Dex:  7 (10) Spells: 2/5 levels left

rFire    . . .     SeeInvis .   a - +1 dagger
rCold    + . .     Gourm    .   (no shield)
rNeg     + + +     Faith    .   c - +0 ring mail
rPois    ∞         Spirit   .   (no helmet)
rElec    .         Reflect  .   (no cloak)
rCorr    .         Harm     .   (no gloves)
MR       .....                  (no boots)
Stlth    +.........             (no amulet)
HPRegen  0.00/turn              (no ring)
MPRegen  0.09/turn              (no ring)

@: mighty, very slightly contaminated, rotting
A: rotting body, claws 1, carnivore, cold resistance 1, negative energy
resistance 3, inhibited regeneration, torment resistance, unbreathing
a: no special abilities


You were on level 2 of the Dungeon.
You were not hungry.

You visited 1 branch of the dungeon, and saw 2 of its levels.

You collected 54 gold pieces.

Inventory:

Hand Weapons
 a - a +1 dagger (weapon)
Armour
 c - a +0 ring mail (worn)
Scrolls
 e - 2 scrolls of identify {unknown}
 f - a scroll of blinking {unknown}
 g - 2 scrolls of teleportation {unknown}
Potions
 i - a potion of brilliance {unknown}
Comestibles
 d - 3 rations


   Skills:
 + Level 0.8 Fighting
 * Level 1.4 Short Blades
 * Level 1.0 Armour
 + Level 1.9 Dodging
 + Level 3.4 Stealth
 + Level 1.9 Spellcasting
 + Level 2.5 Hexes


You had 2 spell levels left.
You knew the following spells:

 Your Spells              Type           Power        Failure   Level  Hunger
a - Corona                Hex            #......      22%         1    ##.....
b - Ensorcelled Hibernat  Hex/Ice        #.....       50%         2    ###....

Your spell library contained the following spells:

 Spells                   Type           Power        Failure   Level  Hunger
 Confuse                  Hex            #.......     56%         3    ####...
 Tukima's Dance           Hex            #.......     56%         3    ####...
 Dazzling Spray           Conj/Hex       #.....       75%         3    ####...


Dungeon Overview and Level Annotations

Branches:
Dungeon (2/15)

Altars:


Innate Abilities, Weirdness & Mutations

Your body is rotting away.
You thrive on raw meat.
You are immune to poison.
You have sharp fingernails.
You are carnivorous and can eat meat at any time.
Your flesh is cold resistant. (rC+)
You are immune to negative energy. (rN+++)
You do not regenerate when monsters are visible.
You are immune to unholy pain and torment.
You can survive without breathing.


Message History

You see here a stone.
The kobold throws a stone.
The stone closely misses you.
You see here a stone.
i - a fizzy green potion
Okay, then.
It was a potion of mutation.
You feel extremely strange.
Your body decomposes!
You feel clumsy.
Your body decomposes!
You feel dopey.
Your body decomposes!
You feel clumsy.
Your body decomposes!
You feel clumsy.
The kobold throws a stone.
The stone closely misses you.
It was a potion of might.
You feel very mighty all of a sudden.
Your ring mail prevents you from hitting the kobold.
The kobold hits you with a +2 hand axe of electrocution.
You die...

..# ####### #.#
##.....#
#####.###......###
#..............#..
#K.##......#.#
##(..#......#.#
#.(....##......
#.#######...#.###.##.#
#....@K((..##..÷..##.#
##########.#########.#
#.# #.. #'# ### ... #
... #. .... #..# .....
##... ......


You could see a kobold.

Vanquished Creatures
  An adder (D:2)
  A dart slug (D:1)
  2 goblins (D:1)
  4 hobgoblins (D:1)
  A ball python (D:2)
  6 bats
  3 frilled lizards
  4 rats
22 creatures vanquished.

Notes
Turn   | Place    | Note
-------+----------+-------------------------------------------
     0 | D:1      | Borgoz the Ghoul Enchanter began the quest for the Orb.
     0 | D:1      | Reached XP level 1. HP: 14/14 MP: 2/2
    15 | D:1      | Reached skill level 1 in Short Blades
   278 | D:1      | Reached XP level 2. HP: 16/22 MP: 3/3
  1395 | D:2      | Reached skill level 1 in Armour
  1395 | D:2      | Reached XP level 3. HP: 12/27 MP: 2/4
  1582 | D:2      | Learned a level 2 spell: Ensorcelled Hibernation
  1797 | D:2      | HP: 1/27 [kobold/+2 hand axe of electrocution (4)]
  1808 | D:2      | Slain by a kobold

Skill      XL: |  1  2 |
---------------+-------+-----
Short Blades   | 1 |  1.4
Armour         | 1 |  1.0
Fighting       | |  0.8
Dodging        | |  1.9
Stealth        | |  3.4
Spellcasting   | |  1.9
Hexes          | |  2.5

Action                   || total
-------------------------++-------
Melee: Dagger            ||   120
 Cast: Corona            ||     1
  Use: Potion            ||     2
 Stab: Sleeping          ||     2
  Eat: Chunk             ||     4
Armor: Robe              ||     4
       Ring mail         ||    52
Dodge: Dodged            ||    79
